 Dungeon Crawl Stone Soup version 0.29.1-12-g30fa7ad0bf (webtiles) character file.

Game seed: 17720818163142228334

2 DoIIoM the Gusty (level 1, -2/11 HPs)
             Began as an Octopode Air Elementalist on Jan 15, 2023.
             Slain by a quokka (4 damage)
             ... on level 1 of the Dungeon.
             The game lasted 00:00:42 (303 turns).

DoIIoM the Gusty (Octopode Air Elementalist)         Turns: 303, Time: 00:00:42

Health: -2/11      AC:  1    Str:  7    XL:     1   Next: 40%
Magic:  3/3        EV: 13    Int: 17    God:
Gold:   16         SH:  0    Dex: 12    Spells: 3/4 levels left

rFire   . . .      SeeInvis .   d - +0 dagger
rCold   . . .      Faith    .   (no shield)
rNeg    . . .      Spirit   .   (helmet restricted)
rPois   .          Reflect  .   (no amulet)
rElec   .          Harm     .   (no ring)
rCorr   .          Rampage  .   (no ring)
Will    .....                   (no ring)
Stlth   +++.......              (no ring)
HPRegen 0.03/turn               (no ring)
MPRegen 0.08/turn               (no ring)
                                (no ring)
                                (no ring)

@: no status effects
A: almost no armour, amphibious, 8 rings, camouflage 1, gelatinous body 1,
(nimble swimmer 1), tentacles
a: no special abilities


You were on level 1 of the Dungeon.
You visited 1 branch of the dungeon, and saw 1 of its levels.

You collected 16 gold pieces.

Inventory:

Hand Weapons
 d - a +0 dagger (weapon)
Scrolls
 b - a scroll of brand weapon {unknown}
 c - a scroll of enchant weapon {unknown}
Potions
 a - a potion of magic


   Skills:
 + Level 0.1 Fighting
 - Level 2.0 Dodging
 + Level 2.8 Stealth
 + Level 2.0 Spellcasting
 + Level 1.0 Conjurations
 + Level 3.0 Air Magic


You had 3 spell levels left.
You knew the following spells:

 Your Spells              Type           Power      Damage    Failure   Level
a - Shock                 Conj/Air       32%        1d5       9%          1

Your spell library contained the following spells:

 Spells                   Type           Power      Damage    Failure   Level
 Static Discharge         Conj/Air       8%         3-4/arc   13%         2
 Swiftness                Air            12%        N/A       17%         3
 Summon Small Mammal      Summ           4%         N/A       19%         1
 Blink                    Tloc           2%         N/A       28%         2
 Call Canine Familiar     Summ           1%         N/A       50%         3
 Summon Guardian Golem    Hex/Summ       1%         N/A       50%         3
 Airstrike                Air            6%         2d(1-17)  50%         4
 Manifold Assault         Tloc           1%         N/A       99%         5
 Storm Form               Tmut/Air       3%         N/A       100%        7


Dungeon Overview and Level Annotations

Branches:
Dungeon (1/15)

Altars:


Innate Abilities, Weirdness & Mutations

You cannot wear most types of armour.
You are amphibious.
You can wear up to eight rings at the same time.
Your skin changes colour to match your surroundings (Stealth+).
Your rubbery body absorbs attacks. (AC +1, EV +1)
((You are camouflaged when in or above water. (Stealth+)))
You have tentacles for arms and can constrict up to eight enemies at once.


Message History

You see here a frilled lizard corpse.
The rat bites you.
You are too injured to fight recklessly!
You are too injured to fight recklessly!
You barely miss the rat. You grab the rat.
You constrict the rat, but do no damage.
The rat closely misses you.
You hit the rat. Your squeeze misses the rat.
The rat is severely wounded.
You constrict the rat.
You kill the rat!
Found a ring mail.
A quokka comes into view.
A quokka is nearby!
A rat comes into view.
You hit the quokka but do no damage. Your grab misses the quokka.
The quokka barely misses you.
You hit the quokka. Your grab misses the quokka.
The quokka is heavily wounded.
The quokka bites you.
You closely miss the quokka. You grab the quokka.
You squeeze the quokka, but do no damage.
The quokka is heavily wounded.
You constrict the quokka, but do no damage.
The quokka barely misses you. The quokka bites you.
You are too injured to fight recklessly!
You barely miss the quokka.
The quokka is moderately wounded.
You constrict the quokka, but do no damage.
The quokka bites you.
* * * LOW HITPOINT WARNING * * *
You hit the quokka but do no damage.
The quokka is moderately wounded.
You constrict the quokka. The quokka misses you.
Casting: Shock (safe; 9% risk of failure)
Confirm with . or Enter, or press ? or * to list all spells.
Okay, then.
You release your grip on the quokka.
The quokka attacks as you move away! The quokka bites you.
You die...

#.###.########
#.#..........# .
#.#.#........####.#
########.#...............#
[.........................
###########..........###..
#........#....###†###
####.####..#####.# #...#
........r@.....#.#####.#
.....#..#.####.#...###.#
### #..#.####.###.....#
......#.........####
.......#..........###
.........#............#
.........#.......####....
....r....#.......### ...8
#.........# #..


You could see a quokka.

Vanquished Creatures
  A goblin (D:1)
  A frilled lizard (D:1)
  A rat (D:1)
3 creatures vanquished.

Notes
Turn   | Place    | Note
-------+----------+-------------------------------------------
     0 | D:1      | DoIIoM the Octopode Air Elementalist began the quest for
                  | the Orb.
     0 | D:1      | Reached XP level 1. HP: 11/11 MP: 3/3
   303 | D:1      | Slain by a quokka

Illustrated notes

Levels and vault maps discovered:
D:1:      ebering_hopf_link, layout_basic,
          dreamdust_ecumenical_altar_angels_and_demons

Action                   || total
-------------------------++-------
Melee: Dagger            ||     8
       Constrict         ||     3
       Unarmed           ||     2
       Tentacles         ||     2
 Stab: Sleeping          ||     1
Dodge: Dodged            ||     4
